 Dungeon Crawl Stone Soup version 0.29-a0-360-g8ed1089bbe (webtiles) character file.

Game seed: 9279094097003484923

1886 sammy202020 the Skirmisher (level 8, -3/67 HPs)
             Began as a Demonspawn Berserker on Apr 29, 2022.
             Was a Priest of Trog.
             Slain by a troll (6 damage)
             ... on level 6 of the Dungeon.
             The game lasted 00:07:28 (4854 turns).

sammy202020 the Skirmisher (Demonspawn Berserker)   Turns: 4854, Time: 00:07:29

Health: -3/67      AC: 13    Str: 18    XL:     8   Next: 92%
Magic:  8/8        EV: 12    Int: 10    God:    Trog [***...]
Gold:   343        SH:  4    Dex: 13    Spells: 7/7 levels left

rFire   . . .      SeeInvis +   t - +14 obsidian axe {vorpal, Mesm Drain Fly SInv}
rCold   . . .      Faith    .   (no shield)
rNeg    . . .      Spirit   .   c - +0 ring mail
rPois   .          Reflect  .   e - +0 helmet
rElec   .          Harm     .   (no cloak)
rCorr   +          Rampage  .   (no gloves)
Will    +++..                   (no boots)
Stlth   +.........              d - amulet of the acrobat
HPRegen 1.21/turn               G - ring of resist corrosion
MPRegen 0.11/turn               C - ring of willpower

@: strong-willed, flying, mesmerised, regenerating
A: icemail 1, sharp scales 2, condensation shield, weakness stinger 2
a: Renounce Religion, Berserk, Trog's Hand


You were on level 6 of the Dungeon.
You worshipped Trog.
Trog was most pleased with you.
You visited 1 branch of the dungeon, and saw 6 of its levels.

You collected 343 gold pieces.

Inventory:

Hand Weapons
 a - a +0 hand axe of freezing
 f - a +0 hunting sling
 t - the +14 obsidian axe (weapon) {vorpal, Mesm Drain Fly SInv}
   (You found it on level 3 of the Dungeon)

   It inflicts extra damage upon your enemies.
   It occasionally summons demons to assist the wielder when it strikes in
   combat.
   Its wielder is mesmerised by any visible foes.
   It cannot be unequipped while any foes are visible.
   SInv:      It lets you see invisible.
   Fly:       It grants you flight.
   Drain:     It drains your maximum health when unequipped.
Missiles
 A - 3 silver javelins (quivered)
 B - 2 silver boomerangs
Armour
 c - a +0 ring mail (worn)
 e - a +0 helmet (worn)
Jewellery
 d - an amulet of the acrobat (around neck)
 m - a +6 ring of dexterity
 C - a ring of willpower (right hand)
 G - a ring of resist corrosion (left hand)
Wands
 u - a wand of mindburst (19)
 E - a wand of charming (8)
Scrolls
 i - a scroll of fog
 j - a scroll of fear
 n - a scroll of enchant armour {unknown}
 p - 3 scrolls of magic mapping
 q - 6 scrolls of teleportation
 v - a scroll of enchant weapon {unknown}
 x - 2 scrolls of amnesia {unknown}
 y - 4 scrolls of identify {unknown}
 z - a scroll of immolation {unknown}
 D - a scroll of torment {unknown}
Potions
 b - 2 potions of attraction {unknown}
 g - a potion of haste
 h - a potion of brilliance {unknown}
 k - 2 potions of might {unknown}
 l - 2 potions of heal wounds {unknown}
 o - a potion of curing
 r - a potion of invisibility {unknown}
 s - a potion of mutation {unknown}
 w - a potion of degeneration {unknown}
 F - a potion of cancellation {unknown}
 H - a potion of magic {unknown}


   Skills:
 * Level 7.3 Fighting
 * Level 6.7 Axes
 + Level 4.5 Armour
 + Level 4.5 Dodging


You had 7 spell levels left.
You didn't know any spells.
Your spell library was empty.

Dungeon Overview and Level Annotations

Branches:
Dungeon (6/15)             Temple (0/1) D:5

Altars:
Zin


Innate Abilities, Weirdness & Mutations

A meltable icy envelope protects you from harm. (AC +4)
You are mostly covered in razor-sharp scales. (AC +2, Slay +2)
A meltable shield of frost defends you. (SH +4)
You have a tail ending in a sharp stinger.


Message History

Your ufetubus disappears in a puff of smoke!
The orc priest miscasts a cantrip.
Your sixfirhy hits the scorpion but does no damage.
You swap places.
An orc warrior and an orc priest come into view.
The orc warrior shouts!
The orc priest shouts!
Your sixfirhy splashes around in the water.
Your sixfirhy barely misses the scorpion.
Your sixfirhy splashes around in the water.
An orc comes into view. It is wielding a +0 hand axe.
You block the troll's attack. The troll claws you.
The troll completely misses you.
Your sixfirhy hits the scorpion!
Your sixfirhy shocks the scorpion!
The scorpion dies!
Trog accepts your kill.
You see here an iguana corpse.
You slice the troll!!
Your tail-slap misses the troll.
Your punch misses the troll.
The troll is severely wounded.
You slash the plant!
A nearby plant withers and dies.
The electric eel shoots out a bolt of lightning at you!
The bolt of electricity hits your sixfirhy.
Your sixfirhy completely resists.
The bolt of electricity hits you! The bolt of electricity misses you.
The troll bites you! The troll claws you. x2
* * * LOW HITPOINT WARNING * * *
The orc priest closely misses your sixfirhy.
The troll barely misses you. The troll claws you but does no damage.
The troll claws you.
* * * LOW HITPOINT WARNING * * *
An adder comes into view.
Your skin crawls.
You feel strong-willed.
You can no longer call in reinforcements.
An orc comes into view. It is wielding a +0 dagger.
The orc priest hits your sixfirhy with a +0 war axe!
The troll bites you!
* * * LOW HITPOINT WARNING * * *
The troll claws you.
You die...

.### ...# ...#
...#############
.#.....†.......####
###.##########.....
####..######....#
....#.†........5#####.##
.#........[....3@To.....
...##.####.#.#.5♣3≈.≈oo≈
#####.# #.#.#.P≈≈≈≈.≈S≈
#.# #.#..P).≈≈≈≈o≈≈ ...
#.#...≈≈P≈≈≈≈Po #..
..#.#.≈≈.≈≈.≈≈≈ #..
#.....♣≈≈≈≈≈.≈≈ ..
#.....#♣#.P..P#


You could see a troll (mesmerising, ally target), an orc warrior, 2 orc priests,
an adder, 2 orcs, a friendly sixfirhy (summoned), a friendly ynoxinul (summoned)
and 2 friendly ufetubi.

Vanquished Creatures
  Grinder (D:6)
  2 slime creatures (D:5)
  Sigmund (D:2)
  An ogre (D:5)
  3 kobold brigands (D:5)
  A scorpion (D:5)
  A necrophage (D:5)
  4 hounds
  5 jellies (D:5)
  Ijyb (D:3)
  An iguana (D:6)
  2 orc wizards
  5 adders
  An ufetubus (D:4)
  2 worms
  4 dart slugs
  10 orcs
  11 endoplasms
  4 giant cockroaches
  4 hobgoblins
  2 jackals (D:2)
  12 kobolds
  3 quokkas
  5 ball pythons
  5 bats
  4 frilled lizards
  8 goblins
  4 rats
107 creatures vanquished.

Vanquished Creatures (collateral kills)
  A kobold brigand (D:5)
  2 scorpions
  An orc priest (D:6)
  A white imp (D:5)
  An endoplasm (D:5)
6 creatures vanquished.

Vanquished Creatures (others)
  5 fungi (D:5)
  2 plants (D:6)
  9 toadstools (D:5)
16 creatures vanquished.

Grand Total: 129 creatures vanquished

Notes
Turn   | Place    | Note
-------+----------+-------------------------------------------
     0 | D:1      | sammy202020 the Demonspawn Berserker began the quest for
                  | the Orb.
     0 | D:1      | Reached XP level 1. HP: 18/18 MP: 1/1
   259 | D:1      | Gained mutation: You have a small tail. [demonic ancestry]
   259 | D:1      | Reached XP level 2. HP: 23/24 MP: 2/2
   491 | D:1      | Found a faded altar of an unknown god.
   734 | D:1      | Reached ** piety under Trog
   822 | D:2      | Gained mutation: You are partially covered in razor-sharp
                  | scales. (AC +1, Slay +1) [demonic ancestry]
   822 | D:2      | Reached XP level 3. HP: 24/29 MP: 3/3
  1267 | D:2      | Noticed Sigmund
  1290 | D:2      | HP: 1/29 [something/magic dart (6)]
  1294 | D:2      | Killed Sigmund
  1295 | D:2      | Reached skill level 4 in Fighting
  1295 | D:2      | Gained mutation: A meltable shield of frost defends you.
                  | (SH +4) [demonic ancestry]
  1295 | D:2      | Reached XP level 4. HP: 6/38 MP: 4/4
  1295 | D:2      | Gained mutation: You are mostly covered in razor-sharp
                  | scales. (AC +2, Slay +2) [demonic ancestry]
  1295 | D:2      | Reached XP level 5. HP: 6/43 MP: 5/5
  2181 | D:3      | Found the +14 obsidian axe {vorpal, Mesm Drain Fly SInv}
  2474 | D:3      | Noticed Ijyb
  2479 | D:3      | Killed Ijyb
  2480 | D:3      | Gained mutation: You have a tail ending in a sharp stinger.
                  | [demonic ancestry]
  2480 | D:3      | Reached XP level 6. HP: 40/49 MP: 6/6
  3201 | D:5      | Entered Level 5 of the Dungeon
  3209 | D:5      | Reached *** piety under Trog
  3246 | D:5      | Reached skill level 5 in Fighting
  3246 | D:5      | Found a staircase to the Ecumenical Temple.
  3272 | D:5      | Gained mutation: A meltable icy envelope protects you from
                  | harm. (AC +4) [demonic ancestry]
  3272 | D:5      | Reached XP level 7. HP: 56/56 MP: 7/7
  3278 | D:5      | Noticed a neqoxec
  3820 | D:5      | Reached skill level 5 in Axes
  4117 | D:5      | Reached skill level 6 in Fighting
  4240 | D:5      | Noticed a slime creature
  4240 | D:5      | Noticed a slime creature
  4245 | D:5      | Reached XP level 8. HP: 61/64 MP: 8/8
  4248 | D:5      | Killed a slime creature
  4252 | D:5      | Killed a slime creature
  4743 | D:6      | Noticed Grinder
  4751 | D:6      | Killed Grinder
  4752 | D:6      | Reached skill level 7 in Fighting
  4847 | D:6      | Noticed a troll
  4851 | D:6      | Reached **** piety under Trog
  4854 | D:6      | HP: 3/67 [troll (12)]
  4854 | D:6      | Slain by a troll

Illustrated notes

Levels and vault maps discovered:
D:1:      dpeg_arrival_rooms_a, layout_rooms,
          shapermc_ecumenical_altar_notcrosses
D:2:      layout_loops_ring, st_stairs_2, chequers_decorated_corner,
          uniq_sigmund
D:3:      layout_loops_ring, zin_academy, uniq_ijyb
D:4:      layout_basic, nicolae_sif_muna_little_library,
          serial_co_window_serial, co_window_of_opportunity_a,
          co_window_paths_a, co_window_corner_a, co_window_corner_a,
          co_window_paths_a, co_window_cross_2, co_window_of_opportunity_c,
          co_window_cross_2, co_window_of_opportunity_b,
          minmay_misc_feat_encased, uniq_pikel
D:5:      cheibrodos_fertilizer, layout_basic, minmay_temple_entry_waves
D:6:      layout_loops_ring, nicolae_ru_awakened_eye,
          mainiacjoe_overflow_cross_hatched, serial_bayou_pond_b, uniq_grinder

Skill      XL: |  1  2  3  4  5  6  7  8 |
---------------+-------------------------+-----
Axes           | 3 4 5 6 |  6.7
Armour         | 2 3 4 |  4.5
Dodging        | 2 3 4 |  4.5
Fighting       | 4 5 6 7 |  7.3

Action                   |  1- 3 |  4- 6 |  7- 9 || total
-------------------------+-------+-------+-------++-------
Melee: Hand axe          |   122 |    22 |       ||   144
       Tailslap          |    13 |     3 |     9 ||    25
       Broad axe         |       |    27 |    50 ||    77
       Punch             |       |     1 |       ||     1
Invok: Berserk           |     1 |       |       ||     1
       Trog's Hand       |       |       |     1 ||     1
  Use: Scroll            |     3 |     3 |       ||     6
       Potion            |     1 |       |       ||     1
 Stab: Sleeping          |       |       |     1 ||     1
Armor: Ring mail         |    48 |     7 |    21 ||    76
Dodge: Dodged            |   105 |    20 |    40 ||   165
Block: Other             |       |    10 |     8 ||    18

Table legend: (Time is in decaauts)
 A = Elapsed time spent in this place.
 B = Non-inter-level travel time spent in this place.
 C = Inter-level travel time spent in this place.
 D = Time resting spent in this place.
 E = Time spent auto-exploring this place.
 F = Levels seen in this place.
 G = Mean time per level.
                   A        B        C        D        E       F      G
               +--------+--------+--------+--------+--------+-----+--------+
         Total |   4909 |   4871 |     38 |    510 |   3445 |   6 |  818.2 |
       Dungeon |   4909 |   4871 |     38 |    510 |   3445 |   6 |  818.2 |
               +--------+--------+--------+--------+--------+-----+--------+

Top non-repeatable levels by time:
     D:5: 1533 daAuts
     D:2: 1295 daAuts
     D:1: 825 daAuts
     D:3: 720 daAuts
     D:4: 398 daAuts
     D:6: 135 daAuts
